 Dungeon Crawl Stone Soup version 0.30.0-20-g3615ddf2f0 (webtiles) character file.

Game seed: 9596845380741639995

85 qw the Chopper (level 4, -3/28 HPs)
             Began as a Gargoyle Fighter on May 27, 2023.
             Killed from afar by an oklob plant (12 damage)
             ... with a splash of acid
             ... on level 3 of the Dungeon.
             The game lasted 00:00:49 (1415 turns).

qw the Chopper (Gargoyle Fighter)                   Turns: 1415, Time: 00:00:50

Health: -3/28      AC: 11    Str: 21    XL:     4   Next: 48%
Magic:  4/4        EV:  9    Int:  9    God:
Gold:   69         SH:  4    Dex:  9    Spells: 3/3 levels left

rFire   . . .        Y - +0 war axe
rCold   . . .        c - +0 buckler
rNeg    + . .        b - +0 scale mail
rPois   inf          (no helmet)
rElec   +            (no cloak)
rCorr   .            (no gloves)
SInv    .            i - +0 pair of boots
Will    .....        (no amulet) Stlth
                     (no ring)
HPRegen 0.24/turn    (no ring)
MPRegen 0.09/turn

%: no passive effects
@: no status effects
A: sickness immunity, AC +3, negative energy resistance 1, electricity
resistance, torment resistance 1, petrification resistance
a: no special abilities


You were on level 3 of the Dungeon.
You visited 1 branch of the dungeon, and saw 3 of its levels.

You collected 118 gold pieces.
You spent 49 gold pieces at shops.


Innate Abilities, Weirdness & Mutations

You are immune to sickness and miasma.
Your stone body is resilient. (AC +3)
You are immune to poison.
You resist negative energy. (rN+)
You are resistant to electric shocks. (rElec)
You are resistant to unholy torment.
You are immune to petrification.


   Skills:
 - Level 3.2 Fighting
 + Level 4.1 Axes
 - Level 3.2 Armour
 - Level 3.2 Shields


You had 3 spell levels left.
You didn't know any spells.
Your spell library was empty.

Inventory:

Hand Weapons
 h - a +0 whip
 Y - a +0 war axe (weapon)
Armour
 b - a +0 scale mail (worn)
 c - a +0 buckler (worn)
 i - a +0 pair of boots (worn)
 m - a +0 cloak
 o - a +0 helmet
Jewellery
 n - a ring of protection from fire
Scrolls
 l - a scroll of identify
Potions
 a - 2 potions of cancellation {unknown}
 d - a potion of might
 e - a potion of attraction {unknown}
 f - a potion of curing {unknown}
 g - 3 potions of heal wounds {unknown}
 j - a potion of ambrosia {unknown}
 k - 2 potions of lignification {unknown}

Dungeon Overview and Level Annotations

Branches:
Dungeon (3/15)

Altars:
Fedhas
Makhleb

Shops:
D:3 [


Message History

Enter note:
Enter note: You hit the plant.
The plant begins to die.
The plant is lightly damaged.
You hit the fungus.
The fungus begins to die.
You completely miss the plant. You slash the plant!
The plant is lightly damaged.
You hit the plant.
The plant begins to die.
You hit the fungus. You slash the plant!
The plant is lightly damaged.
You slash the plant! You slash the fungus!
A nearby fungus withers and dies.
You hit the plant.
The plant is lightly damaged.
You hit the plant.
A nearby plant withers and dies. x2
Enter note:
Enter note:
Enter note:
Enter note: You slash the plant!
The plant begins to die.
The plant is lightly damaged.
You slash the plant!
The plant begins to die.
You slash the plant!
The plant is lightly damaged.
You slash the plant! You hit the plant.
The plant is lightly damaged.
You hit the plant.
A nearby plant withers and dies. x2
The oklob plant spits acid at you. The splash of acid hits you!!
Ouch! That really hurt!
Enter note:
Enter note:
Enter note:
Enter note: The oklob plant spits acid at you.
The splash of acid hits you!
You die...

PPP.~~~~._.~~~~..#PP#
#PP.~~~~...~~~~.PPPP#
#PP.~~~~~.~~~~~.P#PP#
###P#..~~~~.~~~~..#PPP#
#PPP#P..~~~.~~~..PPP#P#
#PPPPP..~~.~~..PP##..#
#P#PPP#........PPPPP.P#
#P..PPP......PPPP#P##P#
#PP...@....PP#PP##P# P#


#PPP.PPP#..#PPPP# PP ##P#PPP.PP#P#PPPPP#PP # ################ ## You could see
an oklob plant.

Vanquished Creatures
  4 adders
  2 dart slugs
  An orc (D:3)
  7 ball pythons
  3 bats
  4 endoplasms
  2 giant cockroaches (D:1)
  3 goblins
  3 hobgoblins
  A quokka (D:2)
  2 frilled lizards
  5 kobolds
  4 rats
41 creatures vanquished.

Notes
Turn   | Place    | Note
-------+----------+-------------------------------------------
     0 | D:1      | qw the Gargoyle Fighter began the quest for the Orb.
     0 | D:1      | Reached XP level 1. HP: 14/14 MP: 1/1
     0 | D:1      | 0 ||| qw: Version: 0.2-a-99-gce666ed
     0 | D:1      | 0 ||| qw: Game counter: 131
     0 | D:1      | 0 ||| qw: Always use a shield: true
     0 | D:1      | 0 ||| qw: God list: Okawaru
     0 | D:1      | 0 ||| qw: Allow faded altars: false
     0 | D:1      | 0 ||| qw: Do Orc after D:15 true
     0 | D:1      | 0 ||| qw: Do second Lair branch before Depths: true
     0 | D:1      | 0 ||| qw: Lair rune preference: random
     0 | D:1      | 0 ||| qw: Plans: Normal, Zot:1-4, God:TSO, Crypt, Tomb,
                  | Pan, Slime:5, Hells, Abyss, Win
     0 | D:1      | 0 ||| PLANNING D:1-11
    40 | D:1      | 40 ||| Stepping ~*~*~tactically~*~*~ (stealth).
    44 | D:1      | Reached skill level 2 in Axes
    51 | D:1      | 51 ||| Stepping ~*~*~tactically~*~*~ (hiding).
    66 | D:1      | 66 ||| Stepping ~*~*~tactically~*~*~ (stealth).
    73 | D:1      | 73 ||| Stepping ~*~*~tactically~*~*~ (stealth).
    80 | D:1      | Reached XP level 2. HP: 19/19 MP: 2/2
   113 | D:1      | Found a faded altar of an unknown god.
   329 | D:1      | Reached skill level 3 in Axes
   474 | D:1      | 474 ||| READING scroll labelled UJOMIESTINT.
   475 | D:1      | 475 ||| READING scroll labelled OFULUE JOMU.
   490 | D:2      | Reached XP level 3. HP: 14/23 MP: 3/3
   533 | D:2      | Found a burning altar of Makhleb.
   968 | D:2      | 968 ||| Stepping ~*~*~tactically~*~*~ (stealth).
  1149 | D:2      | 1149 ||| UPGRADING to +0 pair of boots.
  1154 | D:2      | 1154 ||| READING scroll labelled SARGHO GODDE.
  1155 | D:2      | 1155 ||| READING scroll labelled XOREHEUHAT.
  1156 | D:2      | 1156 ||| READING scroll labelled QAONLU YPUE.
  1185 | D:3      | Reached XP level 4. HP: 28/28 MP: 4/4
  1214 | D:3      | 1214 ||| Stepping ~*~*~tactically~*~*~ (stealth).
  1215 | D:3      | 1215 ||| Stepping ~*~*~tactically~*~*~ (stealth).
  1216 | D:3      | 1216 ||| Stepping ~*~*~tactically~*~*~ (stealth).
  1218 | D:3      | 1218 ||| Stepping ~*~*~tactically~*~*~ (stealth).
  1219 | D:3      | 1219 ||| Stepping ~*~*~tactically~*~*~ (stealth).
  1220 | D:3      | 1220 ||| Stepping ~*~*~tactically~*~*~ (stealth).
  1226 | D:3      | 1226 ||| Stepping ~*~*~tactically~*~*~ (stealth).
  1234 | D:3      | Reached skill level 4 in Axes
  1303 | D:3      | Found Ymih's Armour Shoppe.
  1322 | D:3      | 1322 ||| BUYING +0 cloak (49 gold).
  1322 | D:3      | Bought a +0 cloak for 49 gold pieces
  1322 | D:3      | 1322 ||| SHOPLISTING +1 leather armour of fire resistance
                  | (154 gold, have 46).
  1379 | D:3      | Found a blossoming altar of Fedhas.
  1400 | D:3      | Noticed an oklob plant
  1415 | D:3      | Killed from afar by an oklob plant

Levels and vault maps discovered:
D:1:      spicycebolla_green_bress_n_ham, layout_rooms,
          ebering_ecumenical_altar_ruins, minmay_box_of_dots
D:2:      layout_loops_ring, basic_altar
D:3:      layout_rooms, tgw_fedhas, nicolae_overflow_hidden_temple,
          serial_shops, shop

Skill      XL: |  1  2  3  4 |
---------------+-------------+-----
Axes           | 2 3 4 |  4.1
Fighting       | |  3.2
Armour         | |  3.2
Shields        | |  3.2

Action                     |  1- 3 |  4- 6 || total
---------------------------+-------+-------++-------
  Melee: War axe           |    89 |    27 ||   116
    Use: Scroll            |     5 |       ||     5
 Armour: Scale mail        |    42 |    10 ||    52
  Dodge: Dodged            |    31 |     3 ||    34
  Block: Buckler           |    16 |     1 ||    17

Table legend:
 A = Non-vault XP
 B = Vault XP
 C = Vault XP percentage of total XP
 D = Non-vault monster count
 E = Vault monster count
 F = Vault count percentage of total count
                 A         B        C        D         E       F
            +---------+---------+-------+---------+---------+-------
      Total |     118 |       4 |   3.3 |      39 |       2 |   4.9
            +---------+---------+-------+---------+---------+-------
        D:1 |      27 |       4 |  12.9 |      15 |       2 |  11.8
        D:2 |      38 |       0 |   0.0 |      14 |       0 |   0.0
        D:3 |      53 |       0 |   0.0 |      10 |       0 |   0.0
            +---------+---------+-------+---------+---------+-------
